 Dungeon Crawl Stone Soup version 0.23.2-30-g0e89c35649 (webtiles) character file.

Game seed: 11271794754740730575

52598 Folque the Geomancer (level 14, -7/113 HPs)
             Began as a Black Draconian Earth Elementalist on June 22, 2019.
             Was a High Priest of Sif Muna.
             Shot with a bolt by a yaktaur (9 damage)
             ... on level 15 of the Dungeon on June 23, 2019.
             The game lasted 02:03:02 (25626 turns).

Folque the Geomancer (DrEE)                        Turns: 25626, Time: 02:03:02

Health: -7/113     AC: 12    Str: 11    XL:     14   Next: 27%
Magic:  5/27       EV: 16    Int: 31    God:    Sif Muna [*****.]
Gold:   1842       SH:  0    Dex: 12    Spells: 7/32 levels left

rFire    . . .     SeeInvis .   D - +5 great sword (freeze)
rCold    . . .     Gourm    .   (shield currently unavailable)
rNeg     . . .     Faith    .   (armour unavailable)
rPois    .         Spirit   .   W - +1 hat {Int+3}
rElec    +         Reflect  .   S - +1 cloak {MR+}
rCorr    .         Harm     .   w - +0 pair of gloves
MR       ++...                  (no boots)
Stlth    ++++......             B - amulet of regeneration
HPRegen  0.68/turn              p - ring of the Thistle {+Inv Int+4 Stlth+}
MPRegen  0.20/turn              F - +4 ring of intelligence

@: flying, studying Long Blades, divine energy
A: breathe lightning, unfitting armour, big wings, electricity resistance,
cold-blooded, AC +8
a: Breathe Lightning, Stop Flying, Stop Divine Energy, Channel Magic, Forget
Spell, Renounce Religion, Evoke Invisibility


You were on level 15 of the Dungeon.
You worshipped Sif Muna.
Sif Muna was extremely pleased with you.
You were near starving.

You visited 3 branches of the dungeon, and saw 22 of its levels.
You visited 1 bazaar.

You collected 1842 gold pieces.

Inventory:

Hand Weapons
 a - a +2 dagger of venom
 D - a +5 great sword of freezing (weapon)
 P - a +2 scimitar of flaming
Missiles
 b - 445 stones (quivered)
 R - 3 throwing nets
Armour
 w - a +0 pair of gloves (worn)
 x - a +2 cloak of invisibility
 J - a +0 shield
 S - a +1 cloak of magic resistance (worn)
 W - a +1 hat of intelligence (worn)
Jewellery
 j - an uncursed ring of ice {unknown}
 k - a cursed ring of teleportation {unknown}
 m - the ring "Rophasar" {rF+ Dex+7}
   (You found it on level 14 of the Dungeon)

   [ring of protection from fire]

   It affects your dexterity (+7).
   It protects you from fire.
 o - an uncursed ring of fire {unknown}
 p - the ring of the Thistle (left hand) {+Inv Int+4 Stlth+}
   (You found it on level 4 of the Lair of Beasts)

   [ring of stealth]

   It affects your intelligence (+4).
   It lets you turn invisible.
   It makes you more stealthy.
 r - a +3 ring of intelligence
 B - an amulet of regeneration (around neck)
 E - an uncursed ring of positive energy
 F - a +4 ring of intelligence (right hand)
 N - an uncursed ring of fire {unknown}
Wands
 i - a wand of disintegration (10)
 q - a wand of flame (36)
 A - a wand of acid (29)
 G - a wand of polymorph (18)
 K - a wand of iceblast (25)
 M - a wand of paralysis (3)
Scrolls
 d - 6 scrolls of magic mapping
 e - a scroll of acquirement {unknown}
 f - 3 scrolls of fear
 g - 13 scrolls of identify
 h - 14 scrolls of remove curse
 l - 8 scrolls of amnesia
 n - a scroll of teleportation
 s - a scroll of random uselessness {unknown}
 t - 2 scrolls of enchant weapon
 y - 2 scrolls of holy word {unknown}
 I - a scroll of fog {unknown}
 L - 4 scrolls of enchant armour {unknown}
 T - 3 scrolls of summoning
 Y - a scroll of noise {unknown}
Potions
 u - 3 potions of haste
 v - a potion of brilliance
 z - 4 potions of berserk rage
 C - a potion of might
 H - 3 potions of flight
 U - 2 potions of agility
 X - 3 potions of lignification
Books
 Q - a manual of Long Blades
Miscellaneous
 O - a fan of gales
 Z - a sack of spiders
Comestibles
 c - 34 rations


   Skills:
 - Level 7.0 Fighting
 - Level 3.2(3.7) Short Blades
 - Level 2.4(3.3) Long Blades
 - Level 8.0 Dodging
 - Level 6.1 Stealth
 + Level 9.9 Spellcasting
 - Level 8.1 Conjurations
 - Level 4.1 Charms
 - Level 7.0 Transmutations
 * Level 5.1 Air Magic
 - Level 11.1 Earth Magic
 - Level 8.1 Invocations
 * Level 1.3 Evocations


You had 7 spell levels left.
You knew the following spells:

 Your Spells              Type           Power        Failure   Level  Hunger
a - Sandblast             Erth           ######       1%          1    None
b - Passwall              Tmut/Erth      ######..     1%          2    None
c - Stone Arrow           Conj/Erth      ######       1%          3    None
d - Lee's Rapid Deconstr  Erth           ######....   1%          5    ###....
e - Petrify               Tmut/Erth      ######..     1%          4    None
f - Iskenderun's Battles  Conj/Chrm      ######..     8%          5    ###....
g - Lightning Bolt        Conj/Air       ######....   6%          5    ###....

Your spell library contained the following spells:

 Spells                   Type           Power        Failure   Level  Hunger
 Flame Tongue             Conj/Fire      #####        1%          1    None
 Magic Dart               Conj           ####         1%          1    None
 Throw Flame              Conj/Fire      #####.       1%          2    None
 Dazzling Spray           Conj/Hex       #####.       1%          3    None
 Call Imp                 Summ           ###.....     4%          2    None
 Irradiate                Conj/Tmut      ######....   4%          5    ###....
 Cause Fear               Hex            ###.......   32%         4    None
 Conjure Ball Lightning   Conj/Air       ######....   32%         6    #####..
 Bolt of Fire             Conj/Fire      #####.....   67%         6    #####..
 Poison Arrow             Conj/Pois      #####.....   67%         6    #####..
 Dragon Form              Tmut           ######....   85%         7    ######.
 Dragon's Call            Summ           ###.......   100%        9    #######
 Fire Storm               Conj/Fire      #####.....   100%        9    #######


Dungeon Overview and Level Annotations

Branches:
Dungeon (15/15)            Temple (1/1) D:4            Lair (6/6) D:8
 Shoals (0/4) Lair:3       Spider (0/4) Lair:4        Slime (0/5) Lair:5
    Orc (0/2) D:12         Vaults (0/5) D:14         Depths (0/5) D:15

Altars:
Ashenzari
Cheibriados
Dithmenos
Elyvilon
Fedhas
Gozag
Hepliaklqana
Kikubaaqudgha
Makhleb
Nemelex Xobeh
Okawaru
Qazlal
Ru
Sif Muna
Trog
Uskayaw
Vehumet
Wu Jian
Xom
Yredelemnul
Zin
The Shining One
Jiyva

Shops:
D:8 *   D:11 (

Annotations:
D:6 3 runed translucent doors, Jaiteiro's ghost, novice GrFi; Matador8's ghost, amateur DrCj; TrebMcFLY's ghost, novice HOFi; bmj180's ghost, novice GrEE
Lair:2 exclusion: oklob plant


Innate Abilities, Weirdness & Mutations

You can breathe wild blasts of lightning.
Your glossy black scales are hard. (AC +8)
You cannot fit into any form of body armour.
Your large and strong wings let you fly indefinitely.
You are resistant to electric shocks. (rElec)
You are cold-blooded and may be slowed by cold attacks.


Message History

b - 445 stones Your battlesphere fires!
You fly up into the air.
You are near starving!
The yaktaur is no longer petrified.
The yaktaur shoots a bolt.
The bolt closely misses you. The bolt hits your battlesphere!
Casting: Sandblast (safe; 1% risk of failure)
Confirm with . or Enter, or press ? or * to list all spells.
Aiming: Stone Arrow (safe; 1% risk of failure)
Press: ? - help, Shift-Dir - straight line, f - yaktaur
Aim: a yaktaur, wielding a +1 arbalest of freezing The stone arrow hits the yaktaur!!
The yaktaur is heavily wounded.
Your battlesphere fires!
The barrage of energy hits the yaktaur.
The yaktaur is heavily wounded.
The yaktaur shoots a bolt.
The bolt hits you!!!
* * * LOW HITPOINT WARNING * * *
The bolt freezes you!
You die...

#.......# #.......# ########
#.######## #......# #.#
'...+.######.# #########.##
#.>.#c# #.# ..........##.#...
.# #.# .......#####.##)##.#
#.# ##.##### #.≈..(≈.#
####.#### #...### #.≈.*@≈c#
#.......# ..∩...# #.≈.≈.≈.#
#.##.##.# #...#.# #.#.#(#.#
#.#..##.# ##.##.####
#≈..#..≈###....##.#
........)+.#≈≈...≈≈#.......#.#
#.#...####.####'######.......#
#.##..# #.......# ####..######
#...#.# ##.....## #..........#
###.#.# ##...## #.##..####.#


You could see a yaktaur and a friendly battlesphere.

Vanquished Creatures
  Jorgrun (D:14)
  Gastronok (Lair:2)
  Nessos (D:14)
  A yaktaur captain (D:15)
  Harold (D:11)
  3 centaur warriors
  4 hydras
  6 two-headed ogres
  An ogre mage (D:14)
  Urug (D:11)
  A deep elf knight (D:12)
  A skeletal warrior (D:14)
  3 unseen horrors
  Pikel (D:7)
  A necromancer (Lair:6)
  A deep elf archer (D:12)
  A deep elf mage (D:12)
  2 cyclopes
  2 manticores
  4 ugly things (D:14)
  Maurice (D:11)
  A guardian serpent (D:10)
  Joseph (D:7)
  2 black mambas
  2 rime drakes
  5 spiny frogs
  6 komodo dragons
  3 yaktaurs (D:14)
  2 kobold demonologists
  2 ice devils (Lair:5)
  A polar bear (Lair:3)
  Prince Ribbit (D:7)
  A harpy skeleton (D:14)
  2 jumping spiders (Lair:4)
  7 blink frogs
  10 hippogriffs
  Sigmund (D:4)
  23 yaks
  A vampire (D:13)
  A wraith (D:13)
  A redback (Lair:4)
  4 spriggans
  2 wyverns
  3 hungry ghosts
  3 basilisks
  4 wargs (D:12)
  2 acid dragons
  11 porcupines
  8 water moccasins
  A soldier ant (D:12)
  Duvessa (D:6)
  3 orc warriors
  2 phantoms
  A slave (D:8)
  4 ice beasts
  A sky beast (shapeshifter) (D:14)
  A necrophage (D:10)
  3 sky beasts
  9 ogres
  9 centaurs
  5 crocodiles
  2 big kobolds
  18 bullfrogs
  A wyvern zombie (D:8)
  2 wyvern skeletons
  Dowan (D:7)
  6 scorpions
  12 killer bees
  23 wights
  5 howler monkeys
  An electric eel (D:14)
  16 crimson imps
  4 centaur zombies
  2 jellies
  3 quasits
  9 hounds
  3 bullfrog zombies
  4 orc priests
  10 orc wizards
  5 centaur skeletons
  Terence (D:2)
  6 iguanas
  2 yak simulacra (Lair:6)
  11 worker ants
  4 polar bear simulacra (Lair:6)
  A wolf simulacrum (Lair:6)
  A hound skeleton (D:5)
  7 gnolls
  A howler monkey skeleton (D:8)
  8 adders
  2 shadow imps
  An ooze (D:3)
  2 adder zombies
  2 worms
  3 dart slugs
  3 leopard geckos
  45 orcs
  A giant cockroach (D:5)
  12 goblins
  8 hobgoblins (D:1)
  17 jackals
  15 kobolds
  5 quokkas
  A ball python (D:3)
  6 bats
  6 frilled lizards
  A giant cockroach zombie (D:6)
  A jackal skeleton (D:7)
  7 rats
  4 river rat simulacra (Lair:6)
  5 fungi
504 creatures vanquished.

Vanquished Creatures (others)
  A slave (D:8)
  A centaur (D:8)
  A bullfrog (D:8)
  A quokka (D:8)
  3 fungi
  A plant (Lair:6)
  5 toadstools (D:13)
  2 withered plants (D:6)
15 creatures vanquished.

Grand Total: 519 creatures vanquished

Notes
Turn   | Place    | Note
-------+----------+-------------------------------------------
     0 | D:1      | Folque the Draconian Earth Elementalist began the quest for
                  | the Orb.
     0 | D:1      | Reached XP level 1. HP: 14/14 MP: 3/3
   182 | D:1      | Reached skill level 1 in Fighting
   186 | D:1      | You fall through a shaft!
   193 | D:2      | Noticed Terence
   313 | D:1      | Reached XP level 2. HP: 19/23 MP: 5/5
   322 | D:1      | Learned a level 2 spell: Passwall
   938 | D:1      | Reached XP level 3. HP: 29/29 MP: 6/6
   946 | D:1      | Learned a level 3 spell: Stone Arrow
  1383 | D:2      | Found a hide-covered altar of Uskayaw.
  1447 | D:2      | Killed Terence
  1447 | D:2      | Reached skill level 1 in Conjurations
  1447 | D:2      | Reached XP level 4. HP: 36/36 MP: 0/7
  1502 | D:2      | Found a blossoming altar of Fedhas.
  1572 | D:2      | Found a glowing golden altar of the Shining One.
  1633 | D:2      | Found a stormy altar of Qazlal.
  1692 | D:2      | Found an ornate altar of the Wu Jian Council.
  1991 | D:3      | Reached XP level 5. HP: 38/41 MP: 9/9
  2412 | D:3      | Noticed a water moccasin
  2422 | D:3      | Killed a water moccasin
  2422 | D:3      | Reached skill level 4 in Earth Magic
  2422 | D:3      | Reached XP level 6. HP: 37/48 MP: 6/12
  2432 | D:3      | Learned a level 5 spell: Lee's Rapid Deconstruction
  2749 | D:4      | Found a snail-covered altar of Cheibriados.
  2796 | D:4      | Found a hazy altar of Hepliaklqana.
  2888 | D:4      | Found a white marble altar of Elyvilon.
  2895 | D:4      | Reached skill level 5 in Earth Magic
  2909 | D:4      | Found a staircase to the Ecumenical Temple.
  2951 | Temple   | Entered the Ecumenical Temple
  3115 | D:4      | Noticed Sigmund
  3122 | D:4      | Killed Sigmund
  3122 | D:4      | Your scales start taking on a glossy black colour.
  3122 | D:4      | Reduced skill Earth Magic to level 4
  3122 | D:4      | Reached XP level 7. HP: 41/55 MP: 0/14
  3122 | D:4      | Gained mutation: You are resistant to electric shocks.
                  | (rElec) [Black Draconian growth]
  3211 | D:4      | Found a deep blue altar of Sif Muna.
  3214 | D:4      | Became a worshipper of Sif Muna the Loreminder
  3284 | D:5      | Entered Level 5 of the Dungeon
  3312 | D:5      | Reached skill level 5 in Earth Magic
  3393 | D:5      | Reached skill level 5 in Spellcasting
  3402 | D:5      | Learned a level 4 spell: Petrify
  4236 | D:5      | Reached XP level 8. HP: 49/61 MP: 1/15
  4341 | D:6      | Reached * piety under Sif Muna
  4350 | D:6      | Reached skill level 6 in Earth Magic
  4457 | D:6      | Found a runed translucent gate.
  4458 | D:6      | Found a runed translucent gate.
  4458 | D:6      | Noticed bmj180's ghost (novice GrEE)
  4459 | D:6      | Found a runed translucent gate.
  4459 | D:6      | Noticed Matador8's ghost (amateur DrCj)
  4460 | D:6      | Noticed Jaiteiro's ghost (novice GrFi)
  4460 | D:6      | Noticed TrebMcFLY's ghost (novice HOFi)
  5281 | D:6      | Reached skill level 7 in Earth Magic
  5328 | D:6      | Reached XP level 9. HP: 67/67 MP: 0/16
  5548 | D:7      | Noticed Joseph
  5559 | D:7      | Killed Joseph
  5559 | D:7      | Reached ** piety under Sif Muna
  5559 | D:7      | Reached skill level 1 in Short Blades
  5559 | D:7      | Reached skill level 5 in Stealth
  5787 | D:7      | Noticed Dowan
  5790 | D:7      | Noticed Duvessa
  5792 | D:7      | Killed Dowan
  5821 | D:6      | Killed Duvessa
  6016 | D:7      | Found a shadowy altar of Dithmenos.
  6049 | D:7      | Noticed Prince Ribbit
  6077 | D:7      | Killed Prince Ribbit
  6338 | D:7      | Found a radiant altar of Vehumet.
  6339 | D:7      | Found a burning altar of Makhleb.
  6625 | D:6      | Reached skill level 8 in Earth Magic
  6759 | D:7      | Reached skill level 1 in Invocations
  7373 | D:8      | Noticed Pikel
  7409 | D:7      | Killed Pikel
  7409 | D:7      | Reached XP level 10. HP: 23/73 MP: 0/17
  7801 | D:8      | Found a staircase to the Lair.
  7815 | D:8      | Reached *** piety under Sif Muna
  7824 | D:8      | Found Siet's Assorted Antiques.
  8232 | D:8      | Reached skill level 5 in Conjurations
  8293 | D:8      | Noticed a two-headed ogre
  8333 | D:8      | Killed a two-headed ogre
  8753 | D:8      | Found a sacrificial altar of Ru.
  8899 | D:9      | Found a glowing silver altar of Zin.
  8992 | D:9      | Found a deep blue altar of Sif Muna.
  9007 | D:9      | Reached skill level 5 in Invocations
  9873 | D:9      | Found an ornate altar of the Wu Jian Council.
  9874 | D:9      | Found an iron altar of Okawaru.
 10120 | D:10     | Entered Level 10 of the Dungeon
 10171 | D:10     | Noticed a guardian serpent
 10177 | D:10     | HP: 3/78 [guardian serpent (5)]
 11090 | D:10     | Reached XP level 11. HP: 73/85 MP: 13/18
 11452 | D:10     | Reached **** piety under Sif Muna
 12135 | D:11     | Reached skill level 5 in Fighting
 12748 | D:11     | Noticed Harold
 12761 | D:11     | Killed Harold
 12938 | D:11     | Noticed Maurice
 13325 | D:11     | Noticed Urug
 13462 | D:11     | Found Piuhepp's Antique Weapon Shop.
 14110 | D:11     | Killed Maurice
 14229 | D:12     | Reached skill level 5 in Dodging
 14398 | Lair:1   | Entered Level 1 of the Lair of Beasts
 14907 | Lair:1   | You fall through a shaft!
 15204 | Lair:2   | Noticed Gastronok
 15223 | Lair:2   | Killed Gastronok
 15223 | Lair:2   | Reached XP level 12. HP: 63/100 MP: 0/19
 16204 | Lair:2   | Reached skill level 9 in Earth Magic
 16682 | Lair:3   | Found a staircase to the Shoals.
 17376 | Lair:3   | Reached ***** piety under Sif Muna
 17387 | Lair:3   | Identified Sif Muna's Handbook of Damaging Summoning (Sif
                  | Muna gifted it to you on level 3 of the Lair of Beasts)
 17387 | Lair:3   | Received a gift from Sif Muna
 17395 | Lair:3   | Learned a level 5 spell: Iskenderun's Battlesphere
 17759 | Lair:3   | Reached skill level 1 in Charms
 17950 | Lair:4   | Got a steaming lapis lazuli ring
 17951 | Lair:4   | Identified the ring of the Thistle {+Inv Int+4 Stlth+} (You
                  | found it on level 4 of the Lair of Beasts)
 18199 | Lair:4   | Noticed a six-headed hydra
 18204 | Lair:4   | Killed a six-headed hydra
 18204 | Lair:4   | Reached skill level 5 in Transmutations
 18550 | Lair:4   | You fall through a shaft for 2 floors!
 18550 | Lair:6   | Entered Level 6 of the Lair of Beasts
 19027 | Lair:6   | Noticed a six-headed hydra
 19033 | Lair:6   | Killed a six-headed hydra
 19033 | Lair:6   | Reached XP level 13. HP: 86/105 MP: 7/20
 19278 | Lair:6   | Reached skill level 10 in Earth Magic
 19756 | Lair:5   | Found a basalt altar of Yredelemnul.
 20006 | Lair:4   | Found a hole to the Spider Nest.
 20369 | Lair:5   | Found a viscous altar of Jiyva.
 20369 | Lair:5   | Found a staircase to the Slime Pits.
 21223 | D:12     | Found a staircase to the Orcish Mines.
 21405 | D:11     | Killed Urug
 21909 | D:12     | Received a gift from Sif Muna
 22531 | D:12     | HP: 5/105 [two-headed ogre/+0 giant club (19)]
 23926 | D:14     | Identified Sif Muna's Collected Works on the Harmful Blaze
                  | (Sif Muna gifted it to you on level 14 of the Dungeon)
 23926 | D:14     | Received a gift from Sif Muna
 23934 | D:14     | Learned a level 5 spell: Lightning Bolt
 24001 | D:14     | Noticed Jorgrun
 24117 | D:14     | Got a steaming marble ring
 24118 | D:14     | Identified the ring "Rophasar" {rF+ Dex+7} (You found it on
                  | level 14 of the Dungeon)
 24368 | D:14     | Reached skill level 1 in Air Magic
 24404 | D:14     | Killed Jorgrun
 24404 | D:14     | Gained mutation: Your large and strong wings let you fly
                  | indefinitely. [Black Draconian growth]
 24404 | D:14     | Reached XP level 14. HP: 40/113 MP: 0/27
 24434 | D:14     | Reached skill level 11 in Earth Magic
 24916 | D:14     | Found a gate to the Vaults.
 25069 | D:14     | Noticed Nessos
 25080 | D:14     | Killed Nessos
 25222 | D:15     | Entered Level 15 of the Dungeon
 25379 | D:15     | Found a flickering gateway to a bazaar.
 25389 | Bazaar   | Entered a bazaar
 25397 | Bazaar   | Found Bolaatol's Antique Armour Shop.
 25397 | Bazaar   | Found Qier's Gadget Shop.
 25516 | D:15     | Found a shimmering altar of Xom.
 25604 | D:15     | Found a staircase to the Depths.
 25623 | D:15     | Reached skill level 5 in Air Magic
 25623 | D:15     | Reached skill level 1 in Evocations
 25626 | D:15     | HP: 2/113 [yaktaur/bolt (36)]
 25626 | D:15     | Shot with a bolt by a yaktaur

Skill      XL: |  1  2  3  4  5  6  7  8  9 10 11 12 13 14 |
---------------+-------------------------------------------+-----
Fighting       | 1 2 4 7 |  7.0
Conjurations   | 1 2 4 7 8 |  8.1
Spellcasting   | 3 4 5 9 |  9.9
Earth Magic    | 4 4 5 7 8 9 10 11 | 11.1
Dodging        | 2 3 4 6 8 |  8.0
Transmutations | 2 3 5 7 |  7.0
Stealth        | 4 6 |  6.1
Short Blades   | 3 |  3.2
Invocations    | 2 6 8 |  8.1
Long Blades    | 2 |  2.4
Charms         | 4 |  4.1
Air Magic      | 2 5 |  5.1
Evocations     | 1 |  1.3

Action                   |  1- 3 |  4- 6 |  7- 9 | 10-12 | 13-15 || total
-------------------------+-------+-------+-------+-------+-------++-------
Melee: Dagger            |   135 |   129 |   171 |   124 |    30 ||   589
       Unarmed           |    16 |       |       |       |       ||    16
       Tailslap          |    14 |     6 |    18 |    49 |    21 ||   108
       Great sword       |       |       |     4 |   196 |   104 ||   304
       Scimitar          |       |       |       |     8 |     1 ||     9
 Cast: Sandblast         |    15 |    21 |    56 |   101 |    60 ||   253
       Stone Arrow       |     1 |    14 |    81 |   213 |    73 ||   382
       Lee's Rapid Decon |       |       |    11 |    35 |    30 ||    76
       Petrify           |       |       |     9 |    13 |    27 ||    49
       Iskenderun's Batt |       |       |       |     7 |    28 ||    35
       Passwall          |       |       |       |       |     1 ||     1
       Lightning Bolt    |       |       |       |       |     3 ||     3
Invok: Divine Energy     |       |       |     1 |       |       ||     1
       Channel Magic     |       |       |       |       |     1 ||     1
 Abil: Breathe Lightning |       |       |     1 |       |     1 ||     2
       Fly               |       |       |       |       |     1 ||     1
Evoke: Wand              |       |       |       |     3 |       ||     3
  Use: Scroll            |     1 |     1 |     3 |    12 |    12 ||    29
       Potion            |       |       |     2 |     7 |     4 ||    13
 Stab: Sleeping          |     1 |     2 |     2 |    15 |     5 ||    25
       Petrified         |       |       |    14 |    12 |    34 ||    60
       Distracted        |       |       |     1 |       |       ||     1
       Petrifying        |       |       |       |     1 |     2 ||     3
  Eat: Chunk             |     2 |     7 |    18 |    43 |    19 ||    89
       Ration            |       |       |     3 |     6 |     4 ||    13
Armor: Skin              |    53 |    36 |    72 |   120 |   102 ||   383
Dodge: Dodged            |   103 |    93 |   193 |   309 |   138 ||   836
       Rpst.: Great sword |       |       |     5 |    62 |    19 ||    86
